 Dungeon Crawl Stone Soup version 0.18.1-5-g4a78601 (webtiles) character file.

85335 esc the End of an Era (level 15, -5/125 HPs)
             Began as a Hill Orc Gladiator on May 12, 2016.
             Was the Champion of Qazlal.
             Killed from afar by Roxanne (52 damage)
             ... with a crystal spear
             ... on level 2 of the Swamp.
             The game lasted 01:44:23 (29509 turns).

esc the End of an Era (Hill Orc Gladiator)         Turns: 29509, Time: 01:44:24

Health: -5/125     AC: 29    Str: 20    XL:     15   Next: 83%
Magic:  26/26      EV: 23    Int: 11    God:    Qazlal [******]
Gold:   2092       SH:  8    Dex: 19    Spells: 0 memorised, 14 levels left

rFire  + . .     SeeInvis .     Y - +1 halberd (freeze)
rCold  + + +     Gourm    .     S - +0 swamp dragon armour {rPois}
rNeg   . . .     Faith    +     (shield currently unavailable)
rPois  +         Spirit   .     c - +1 helmet
rElec  +         Dismiss  .     h - +2 cloak of Starlight {rElec rC+ EV+4 Stlth--}
rCorr  .         Reflect  .     D - +2 pair of gloves "Rivahyt" {rC++ Int-2 Dex+3}
SustAt .         Harm     .     J - +1 pair of boots
MR     +....                    H - amulet of faith {Faith, !P}
Stlth  ..........               C - +6 ring of protection
                                w - +5 ring of dexterity

@: protected from fire, repel missiles, somewhat resistant to hostile
enchantments, extremely unstealthy
A: frail 1
a: Upheaval, Elemental Force, Disaster Area, Renounce Religion


You were on level 2 of the Swamp.
You worshipped Qazlal.
Qazlal was exalted by your worship.
You were not hungry.

You visited 4 branches of the dungeon, and saw 25 of its levels.
You also visited: Bailey and Ice Cave.

You collected 3041 gold pieces.
You spent 949 gold pieces at shops.

Inventory:

Hand Weapons
 Y - a +1 halberd of freezing (weapon)
   (You took it off a wight on level 11 of the Dungeon)
Missiles
 d - 5 throwing nets {=f, !d}
 l - 766 stones
 B - 3 silver tomahawks (quivered)
Armour
 c - a +1 helmet (worn)
 h - the +2 cloak of Starlight (worn) {rElec rC+ EV+4 Stlth--}
   (You found it in a bailey)

   It affects your evasion (+4).
   It protects you from cold.
   It insulates you from electricity.
   It makes you much less stealthy.
 k - a +1 scale mail of fire resistance
   (You bought it in a shop on level 2 of the Orcish Mines)
 D - the +2 pair of gloves "Rivahyt" (worn) {rC++ Int-2 Dex+3}
   (You bought it in a shop on level 7 of the Dungeon)

   It affects your intelligence (-2).
   It affects your dexterity (+3).
   It greatly protects you from cold.
 J - a +1 pair of boots (worn)
   (You found it on level 7 of the Lair of Beasts)
 S - a +0 swamp dragon armour (worn) {rPois}
   (You found it on level 2 of the Swamp)
Rods
 V - a +8 iron rod (12/12)
   (You found it on level 8 of the Lair of Beasts)
Jewellery
 b - an uncursed amulet of regeneration {+regen, !d}
   (You found it on level 4 of the Dungeon)
 w - a +5 ring of dexterity (left hand)
   (You found it on level 1 of the Swamp)
 C - a +6 ring of protection (right hand)
   (You found it on level 2 of the Lair of Beasts)
 H - an amulet of faith (around neck) {Faith, !P}
   (You found it on level 5 of the Dungeon)
 L - a +3 ring of protection
   (You found it on level 8 of the Dungeon)
Wands
 e - a wand of confusion (28/48)
   (You found it on level 13 of the Dungeon)
 v - a wand of slowing (36/48)
   (You found it on level 5 of the Lair of Beasts)
 y - a wand of teleportation (3/9)
   (You found it on level 4 of the Dungeon)
 E - a wand of enslavement (17/24)
   (You found it on level 3 of the Lair of Beasts)
 K - a wand of iceblast (12/15)
   (You found it on level 1 of the Swamp)
 M - a wand of polymorph (9/24)
   (You found it on level 3 of the Lair of Beasts)
 O - a wand of hasting (9/9)
   (You found it on level 4 of the Lair of Beasts)
 T - a wand of acid (11/15)
   (You found it on level 7 of the Lair of Beasts)
 W - a wand of disintegration (6/24)
   (You found it on level 8 of the Lair of Beasts)
Scrolls
 a - 4 scrolls of teleportation
 g - 3 scrolls of fog
 m - 4 scrolls of blinking {!r}
 n - a scroll of amnesia
 s - 3 scrolls of enchant armour
 x - 2 scrolls of magic mapping {!r}
 z - 8 scrolls of remove curse
 I - 2 scrolls of fear
 N - 3 scrolls of enchant weapon
 Q - a scroll of silence
Potions
 i - 9 potions of might
 o - a potion of invisibility
 p - 3 potions of resistance
 r - 3 potions of agility
 t - 3 potions of heal wounds
 u - 5 potions of flight
 F - 3 potions of haste
 G - a potion of berserk rage {!q}
 P - 3 potions of ambrosia
 R - 5 potions of lignification {!q}
 U - 8 potions of curing
Miscellaneous
 j - a plain deck of summoning {drawn: 1}
   (You found it on level 13 of the Dungeon)
 A - a stone of tremors
   (You found it on level 7 of the Lair of Beasts)
Comestibles
 f - 11 bread rations {@e1}
 q - 16 meat rations {@e2}


   Skills:
 + Level 14.8 Fighting
 + Level 13.6 Polearms
 - Level 1.7 Throwing
 + Level 13.5 Armour
 + Level 10.8 Dodging
 + Level 15.4 Invocations


You had 14 spell levels left.
You didn't know any spells.

Dungeon Overview and Level Annotations

Branches:
Dungeon (13/15)            Temple (0/1) D:6            Lair (8/8) D:11
  Swamp (2/4) Lair:5        Snake (0/4) Lair:4        Slime (0/6) Lair:7
    Orc (2/2) D:9             Elf (0/3) Orc:2
 Vaults: D:13-14

Altars:
Ashenzari
Dithmenos
Elyvilon
Fedhas
Gozag
Kikubaaqudgha
Makhleb
Nemelex Xobeh
Qazlal
Ru
Sif Muna
Vehumet
Xom
Yredelemnul
Zin
Beogh

Shops:
D:7 [   D:9 (   Orc:2 %[(}

Annotations:
D:2 Grinder
D:10 1 runed door
Swamp:2 exclusion: Roxanne, Roxanne


Innate Abilities, Weirdness & Mutations

You are frail (-10% HP).


Message History

The alligator is engulfed in freezing vapours.
The alligator seems to slow down.
The alligator puts on a burst of speed!
Attack whom?
Aim: an alligator (freezing vapour, lightly wounded, slow, covering ground quickly)
You reach to attack!
You completely miss the alligator.
The alligator is engulfed in freezing vapours.
The alligator seems to slow down.
The alligator misses you. You block the alligator's attack.
You barely miss the alligator. The alligator completely misses you.
The alligator tail-slaps you but does no damage.
You hit the alligator but do no damage.
The alligator is engulfed in freezing vapours.
The alligator bites you!! The alligator completely misses you.
You take 21 damage, and have 78/125 hp.
You puncture the alligator!
The alligator seems to slow down.
You freeze the alligator. You hit the alligator. You freeze the alligator.
You kill the alligator!
Qazlal accepts your kill.
No target in view!
You start resting.
A giant leech comes into view.
You regained 2 hp, and now have 82/125 hp.
You start resting.
Attack whom?
Aim: a giant leech You reach to attack!
You hit the giant leech. You freeze the giant leech. You miss the giant leech.
The giant leech bites you but does no damage.
You impale the giant leech!! You freeze the giant leech.
The giant leech is engulfed in freezing vapours.
The giant leech bites you.
The giant leech draws strength from your injuries!
You slash the giant leech! You freeze the giant leech!
You kill the giant leech!
Qazlal accepts your kill.
No target in view!
You feel yourself speed up.
You start resting.
A swamp worm comes into view.
You regained 3 hp, and now have 87/125 hp.
You enter the shallow water.
Moving in this stuff is going to be slow.
Why would you want to do that?
Found an escape hatch in the floor.
Attack whom?
Aim: a swamp worm You reach to attack!
You closely miss the swamp worm. You closely miss the swamp worm.
You block the swamp worm's attack.
You slash the swamp worm! You freeze the swamp worm.
The swamp worm is struck by lightning.
You kill the swamp worm!
Qazlal accepts your kill.
No target in view!
No target in view!
Roxanne, Geomancer Emeritus comes into view.
You see here a scroll of silence.
Q - a scroll of silence Really walk into a travel-excluded area?
Roxanne mumbles some strange words.
The iron shot misses you.
Roxanne mumbles some strange words.
The bolt of magma is repelled.
Roxanne mumbles some strange words.
You blink.
You impale Roxanne!! You freeze Roxanne. You hit Roxanne but do no damage.
You hit Roxanne.
Roxanne says, "At least I didn't end up somewhere with nobody to talk to."
You slash Roxanne! You freeze Roxanne.
Roxanne mumbles some strange words.
The crystal spear misses you.
You hit Roxanne. You completely miss Roxanne. You puncture Roxanne!
Roxanne casts a spell.
The orb of energy hits you!
The orb of energy explodes!
You take 29 damage, and have 64/125 hp.
MASSIVE DAMAGE!!
You hit Roxanne. You puncture Roxanne!
Roxanne is engulfed in roaring flames.
You hit Roxanne but do no damage. You puncture Roxanne! You slash Roxanne!
Roxanne mumbles some strange words.
The orb of energy hits you!
The orb of energy explodes!
You take 3 damage, and have 62/125 hp.
You hit Roxanne but do no damage.
Roxanne is engulfed in roaring flames.
You hit Roxanne but do no damage.
Roxanne casts a spell.
The bolt of magma hits you!
You feel protected from fire.
The tree smolders and burns.
You take 16 damage, and have 47/125 hp.
You hit Roxanne but do no damage.
Okay, then.
You hit Roxanne but do no damage.
Roxanne is engulfed in roaring flames.
Roxanne casts a spell.
The crystal spear hits you!
You die...

≈≈≈≈≈≈. ♣♣♣ ♣♣♣♣♣ ≈≈≈≈≈≈.♣♣
♣≈♣♣♣♣≈≈♣. ♣.≈≈≈≈..♣
♣♣≈...≈.... ..≈≈≈≈≈.♣
♣....≈≈≈.≈≈ ..≈≈≈.≈.♣
♣.≈≈.≈≈≈.≈§ ≈≈≈≈..§§♣
♣.<.)≈≈≈.§. ♣...≈≈.....♣♣
♣♣♣♣≈...♣♣♣ ........§8@§♣
♣♣...♣ ♣ .≈≈≈≈>....§§$♣♣
♣♣♣♣♣...♣
.≈≈≈≈..♣♣§≈..§♣♣♣♣≈.≈♣.≈≈♣
≈≈≈≈≈..≈...♣≈....♣♣≈≈≈≈≈.♣
≈≈≈≈≈≈§≈..♣♣.≈≈≈≈..≈≈≈≈≈.♣♣♣
≈≈≈≈≈≈≈≈§≈§§.≈≈≈≈.≈≈≈≈≈≈≈♣♣≈
≈≈≈....≈..≈§≈≈≈≈≈.≈≈≈...♣♣≈≈
..≈≈.....≈≈≈§.≈≈≈.≈≈.....≈≈≈
≈.≈≈≈≈≈.≈≈≈≈≈≈≈≈§≈≈≈≈≈...≈≈≈


You could see Roxanne.

Vanquished Creatures
  A frost giant (IceCv)
  5 dire elephants (Lair:8)
  Harold (Lair:3)
  7 hydras
  A centaur warrior (D:13)
  An anaconda (Lair:8)
  2 tengu warriors (D:13)
  An alligator (Swamp:2)
  A queen ant (Lair:6)
  An orc high priest (Orc:1)
  The ghost of Lovchig the Protected, a novice MiFi of Nemelex Xobeh (D:8)
  Nergalle (Lair:3)
  The ghost of Bubs the Shield-Bearer, a novice FoFi of Qazlal (Bailey)
  2 swamp dragons
  An unseen horror (D:7)
  A shambling mangrove (Swamp:1)
  5 orc sorcerers
  2 oklob plants (Lair:8)
  5 hill giants
  A griffon (Lair:7)
  4 ugly things
  A cyclops (D:12)
  20 elephants
  Psyche (D:10)
  An ice statue (IceCv)
  2 guardian serpents (D:13)
  3 black mambas
  A gargoyle (D:10)
  A torpor snail (Lair:4)
  10 spiny frogs
  9 komodo dragons
  A rime drake (Lair:8)
  5 trolls
  15 polar bears (IceCv)
  4 giant leeches
  A bog body (Swamp:2)
  4 two-headed ogres
  22 blink frogs
  A shadow (Swamp:2)
  4 wyverns
  2 spriggans
  Eustachio (D:4)
  2 basilisks
  57 yaks
  A wraith (D:10)
  A hungry ghost (D:12)
  6 hippogriffs
  2 steam dragons
  3 vampire mosquitoes (Swamp:1)
  2 swamp worms
  9 insubstantial wisps
  5 wargs (Orc:2)
  16 water moccasins
  2 soldier ants (Lair:6)
  2 swamp drakes
  25 orc warriors
  3 porcupines (Lair:1)
  2 black bears
  2 necrophages
  2 phantoms (D:9)
  4 sky beasts
  4 wasps
  9 ogres
  18 wolves
  5 centaurs
  10 crocodiles
  4 big kobolds
  17 giant frogs
  A gnoll sergeant (D:10)
  A killer bee (D:7)
  17 wights
  4 electric eels
  5 howler monkeys
  5 crimson imps
  A human zombie (D:10)
  2 quasits
  3 giant frog zombies
  12 hounds
  5 jellies
  21 orc wizards
  A wasp zombie (D:10)
  A centaur skeleton (D:10)
  A giant frog skeleton (D:12)
  27 orc priests
  5 iguanas
  Natasha (thrice) (D:4)
  27 worker ants
  17 sheep
  A hound skeleton (D:9)
  2 worker ant zombies
  A howler monkey zombie (D:7)
  12 gnolls
  14 adders
  37 river rats
  7 shadow imps
  7 white imps (Lair:5)
  An ooze (Lair:7)
  An adder zombie (D:8)
  2 worms
  8 giant geckos
  95 orcs
  5 giant cockroaches
  13 goblins
  6 hobgoblins
  22 jackals
  27 kobolds
  3 quokkas
  A ball python (D:1)
  5 bats
  A giant gecko skeleton (D:4)
  A giant gecko zombie (D:8)
  6 giant newts
  A jackal zombie (D:10)
  A quokka skeleton (D:6)
  5 rats
  A bush (Lair:7)
  110 fungi
  54 plants
976 creatures vanquished.

Vanquished Creatures (collateral kills)
  An orc warlord (Orc:2)
  6 hydras
  Sonja (Lair:4)
  A griffon (Lair:5)
  2 elephants (Lair:8)
  A vampire (D:9)
  A basilisk (Lair:5)
  5 yaks
  A hippogriff (Lair:8)
  A water moccasin (Lair:8)
  2 orc warriors
  A wolf (IceCv)
  A crocodile (Lair:8)
  A giant frog (Lair:3)
  4 river rats (Lair:3)
  5 white imps (Lair:5)
  An orc (Orc:2)
35 creatures vanquished.

Vanquished Creatures (others)
  3 wolves
  A crocodile (Lair:7)
  2 howler monkeys (D:7)
  A hound (D:7)
  An orc priest (D:7)
  A river rat (Lair:7)
  A dart slug (D:2)
  3 orcs (D:7)
  A quokka (D:7)
  19 fungi
  13 plants
46 creatures vanquished.

Grand Total: 1057 creatures vanquished

Notes
Turn   | Place    | Note
--------------------------------------------------------------
     0 | D:1      | esc the Hill Orc Gladiator began the quest for the Orb.
     0 | D:1      | Reached XP level 1. HP: 18/18 MP: 1/1
    99 | D:1      | Reached XP level 2. HP: 25/25 MP: 2/2
   484 | D:1      | Reached XP level 3. HP: 30/30 MP: 3/3
   655 | D:1      | Reached skill level 1 in Armour
  1102 | D:2      | Found a sacrificial altar of Ru.
  1149 | D:2      | Found a blossoming altar of Fedhas.
  1209 | D:2      | Found a stormy altar of Qazlal.
  1216 | D:2      | Became a worshipper of Qazlal Stormbringer
  1361 | D:2      | Found a deep blue altar of Sif Muna.
  1471 | D:2      | Found an ancient bone altar of Kikubaaqudgha.
  1526 | D:2      | Reached skill level 4 in Polearms
  1600 | D:3      | Reached skill level 3 in Fighting
  1619 | D:3      | Noticed Grinder
  1620 | D:3      | Paralysed by Grinder for 2 turns
  1647 | D:3      | Paralysed by Grinder for 2 turns
  1682 | D:2      | Reached skill level 1 in Invocations
  1887 | D:3      | Reached XP level 4. HP: 36/38 MP: 4/4
  1979 | D:3      | Found a burning altar of Makhleb.
  2281 | D:3      | Found a radiant altar of Vehumet.
  3052 | D:3      | HP: 9/38 [poisoned by an adder]
  3059 | D:3      | HP: 8/38 [poisoned by an adder]
  3067 | D:3      | HP: 7/38 [poisoned by an adder]
  3465 | D:3      | Reached skill level 2 in Armour
  3561 | D:4      | Reached * piety under Qazlal
  3639 | D:4      | Noticed an ogre
  3656 | D:3      | Reached XP level 5. HP: 45/45 MP: 6/6
  3745 | D:4      | Noticed Eustachio
  3776 | D:5      | Entered Level 5 of the Dungeon
  4257 | D:5      | Noticed a necrophage
  4280 | D:5      | Killed a necrophage
  4280 | D:5      | Reached skill level 4 in Fighting
  4280 | D:5      | Reached skill level 3 in Dodging
  4280 | D:5      | Reached skill level 2 in Invocations
  4280 | D:5      | Reached XP level 6. HP: 49/52 MP: 7/7
  4312 | D:5      | Found a sparkling altar of Nemelex Xobeh.
  4473 | D:5      | Found a sacrificial altar of Ru.
  4519 | D:5      | You fall through a shaft for 2 floors!
  4630 | D:7      | Noticed a yak
  4631 | D:7      | Noticed a yak
  4631 | D:7      | Noticed a yak
  4662 | D:6      | Reached skill level 5 in Polearms
  4662 | D:6      | Reached skill level 3 in Armour
  4662 | D:6      | Reached skill level 3 in Invocations
  4786 | D:6      | Reached XP level 7. HP: 52/60 MP: 9/9
  4916 | D:6      | Found a staircase to the Ecumenical Temple.
  5154 | D:6      | Reached ** piety under Qazlal
  5216 | D:6      | Found a shattered altar of Ashenzari.
  5217 | D:6      | Found a deep blue altar of Sif Muna.
  5434 | D:6      | Found a glowing silver altar of Zin.
  5435 | D:6      | Found an opulent altar of Gozag.
  5528 | D:6      | Reached skill level 5 in Fighting
  5566 | D:6      | Reached skill level 4 in Armour
  5566 | D:6      | Reached skill level 4 in Invocations
  5783 | D:5      | Reached skill level 4 in Dodging
  5789 | D:5      | Reached XP level 8. HP: 53/68 MP: 11/11
  6315 | D:4      | Killed Eustachio
  6315 | D:4      | Reached skill level 6 in Fighting
  6315 | D:4      | Reached skill level 6 in Polearms
  6315 | D:4      | Reached skill level 5 in Armour
  6315 | D:4      | Reached skill level 5 in Invocations
  6338 | D:4      | Noticed Natasha
  6343 | D:4      | Killed Natasha
  6546 | D:4      | Noticed Natasha
  6553 | D:4      | Killed Natasha
  6651 | D:4      | Reached *** piety under Qazlal
  6810 | D:4      | Found a white marble altar of Elyvilon.
  6867 | D:4      | Noticed Natasha
  6872 | D:4      | Killed Natasha
  6885 | D:4      | Reached XP level 9. HP: 77/78 MP: 13/13
  7052 | D:7      | Reached skill level 6 in Invocations
  7136 | D:7      | Found a shadowy altar of Dithmenos.
  7232 | D:7      | Reached skill level 5 in Dodging
  7384 | D:7      | Reached skill level 7 in Polearms
  7384 | D:7      | Reached skill level 6 in Armour
  7388 | D:6      | Reached skill level 7 in Fighting
  7909 | D:6      | Reached skill level 7 in Invocations
  7953 | D:7      | Found a shimmering altar of Xom.
  7980 | D:7      | Reached **** piety under Qazlal
  7998 | D:7      | Found Jaro's Armour Shop.
  8464 | D:8      | Noticed Lovchig's ghost (novice MiFi)
  8495 | D:8      | HP: 10/80 [Lovchig's ghost (16)]
  8501 | D:8      | HP: 19/80 [Lovchig's ghost (2)]
  8502 | D:8      | HP: 4/80 [Lovchig's ghost (6)]
  8505 | D:8      | Killed Lovchig's ghost
  8505 | D:8      | Reached skill level 8 in Fighting
  8505 | D:8      | Reached skill level 7 in Armour
  8505 | D:8      | Reached XP level 10. HP: 17/88 MP: 15/15
  8805 | D:8      | Reached skill level 8 in Invocations
  8894 | D:8      | Noticed a hill giant
  8946 | D:7      | Reached skill level 8 in Polearms
  9072 | D:8      | Killed a hill giant
  9343 | D:9      | Reached skill level 6 in Dodging
  9653 | D:9      | Noticed a hill giant
  9675 | D:9      | Killed a hill giant
  9675 | D:9      | Reached skill level 9 in Fighting
  9675 | D:9      | Reached skill level 8 in Armour
  9774 | D:9      | Found Fiesaoca's Antique Weapon Boutique.
  9855 | D:9      | Found a staircase to the Orcish Mines.
  9876 | D:9      | HP: 22/91 [something (2)]
 10128 | D:9      | Bought a runed glaive for 253 gold pieces
 10149 | D:10     | Entered Level 10 of the Dungeon
 10154 | D:10     | Reached skill level 9 in Invocations
 10175 | D:10     | Reached XP level 11. HP: 92/97 MP: 17/17
 10249 | D:10     | Noticed a hill giant
 10273 | D:9      | Killed a hill giant
 10273 | D:9      | Reached skill level 9 in Polearms
 10434 | D:10     | Found a runed door.
 10439 | D:10     | Found a basalt altar of Yredelemnul.
 10462 | D:10     | Found a flagged portal.
 10469 | Bailey   | Entered a bailey
 10569 | Bailey   | Noticed Bubs's ghost (novice FoFi)
 10583 | Bailey   | Killed Bubs's ghost
 10583 | Bailey   | Reached ***** piety under Qazlal
 10644 | Bailey   | Noticed an orc knight
 10644 | Bailey   | Noticed an orc knight
 10967 | Bailey   | Got a distressingly furry ice dragon armour {rC++, rF-}
 11086 | Bailey   | Identified the cursed +1 ice dragon armour of Vlad {rF- rC++ MR+, rC++, rF-} (You found it in a bailey)
 11711 | D:10     | Noticed Psyche
 11726 | D:10     | Killed Psyche
 11726 | D:10     | Reached skill level 9 in Armour
 12035 | D:11     | Reached skill level 10 in Invocations
 12081 | D:11     | Noticed a brown ugly thing
 12089 | D:11     | Killed a brown ugly thing
 12142 | D:11     | Reached skill level 7 in Dodging
 12212 | D:11     | Reached skill level 10 in Fighting
 12240 | D:11     | Found a staircase to the Lair.
 12293 | D:11     | Got a dazzling chain mail
 12304 | D:11     | Identified the +1 chain mail of Dishonour {Dex+4} (You found it on level 11 of the Dungeon)
 12829 | Lair:1   | Entered Level 1 of the Lair of Beasts
 13200 | D:11     | Reached skill level 10 in Polearms
 13231 | Lair:1   | Reached XP level 12. HP: 98/107 MP: 20/20
 13381 | Lair:1   | Reached skill level 11 in Invocations
 13432 | Lair:1   | HP: 21/108 [porcupine's spines (14)]
 14253 | Lair:2   | Reached skill level 10 in Armour
 14316 | Lair:2   | Reached ****** piety under Qazlal
 14325 | Lair:2   | Reached skill level 11 in Fighting
 14556 | Lair:2   | Noticed a five-headed hydra
 14635 | Lair:2   | Reached skill level 8 in Dodging
 14743 | Lair:1   | Killed a seven-headed hydra
 15445 | Lair:2   | Reached skill level 12 in Invocations
 15676 | Lair:3   | Noticed Harold
 15694 | Lair:3   | Killed Harold
 15694 | Lair:3   | Reached skill level 11 in Polearms
 15713 | Lair:3   | Noticed an eight-headed hydra
 15723 | Lair:3   | Killed an eight-headed hydra
 15723 | Lair:3   | Reached XP level 13. HP: 76/116 MP: 15/22
 15802 | Lair:3   | Noticed Nergalle
 15812 | Lair:3   | Killed Nergalle
 16169 | Lair:3   | Got a crude amber ring
 16194 | Lair:3   | Found a sacrificial altar of Ru.
 16196 | Lair:3   | Identified the ring "Toitoix" {-Tele +Fly MR++ Dex+2 SInv} (You found it on level 3 of the Lair of Beasts)
 16437 | Lair:4   | Noticed Sonja
 16442 | Lair:4   | Killed Sonja
 16442 | Lair:4   | Reached skill level 12 in Fighting
 16442 | Lair:4   | Reached skill level 11 in Armour
 16649 | D:7      | Bought the +2 pair of gloves "Rivahyt" {rC++ Int-2 Dex+3} for 616 gold pieces
 16893 | Lair:4   | Found a staircase to the Snake Pit.
 16941 | Lair:4   | Gained mutation: You are frail (-10% HP). [helix card]
 17035 | Lair:4   | Found a basalt altar of Yredelemnul.
 17666 | Lair:5   | Found a staircase to the Swamp.
 17771 | Lair:5   | Found a frozen archway.
 17792 | IceCv    | Entered an ice cave
 17797 | IceCv    | Reached skill level 9 in Dodging
 18111 | IceCv    | Noticed a frost giant
 18152 | IceCv    | Killed a frost giant
 18152 | IceCv    | Reached skill level 13 in Invocations
 18480 | IceCv    | Reached skill level 12 in Polearms
 18579 | IceCv    | Got a steaming great sword
 18720 | Lair:5   | Identified the +3 great sword of the Skies Above {pain, rF+} (You found it in an ice cave)
 18837 | Lair:5   | Reached XP level 14. HP: 74/114 MP: 17/23
 19272 | Lair:5   | Reached skill level 13 in Fighting
 21000 | Lair:7   | Found a staircase to the Slime Pits.
 21066 | Lair:7   | Reached skill level 12 in Armour
 21511 | Lair:7   | Reached skill level 14 in Invocations
 21969 | Lair:8   | Entered Level 8 of the Lair of Beasts
 22189 | Lair:8   | Found a white marble altar of Elyvilon.
 22224 | Lair:8   | Reached skill level 10 in Dodging
 22883 | Lair:8   | Noticed a dire elephant
 22883 | Lair:8   | Noticed a dire elephant
 22894 | Lair:8   | Noticed a dire elephant
 22931 | Lair:8   | Noticed a dire elephant
 22934 | Lair:8   | Noticed a dire elephant
 22973 | Lair:8   | Killed a dire elephant
 22993 | Lair:8   | Killed a dire elephant
 23002 | Lair:8   | Killed a dire elephant
 23156 | Lair:8   | Killed a dire elephant
 23240 | Lair:8   | Killed a dire elephant
 23240 | Lair:8   | Reached skill level 13 in Polearms
 23240 | Lair:8   | Reached XP level 15. HP: 123/123 MP: 25/25
 23315 | Lair:8   | Identified a +8 iron rod (12/12) (You found it on level 8 of the Lair of Beasts)
 23574 | D:12     | Reached skill level 14 in Fighting
 24631 | D:13     | Reached skill level 13 in Armour
 25322 | Orc:1    | Entered Level 1 of the Orcish Mines
 25490 | Orc:2    | Entered Level 2 of the Orcish Mines
 26099 | Orc:2    | Reached skill level 15 in Invocations
 26147 | Orc:2    | Found a roughly hewn altar of Beogh.
 26529 | Orc:2    | Found a staircase to the Elven Halls.
 26554 | Orc:2    | Paralysed by an orc sorcerer for 6 turns
 26617 | Orc:2    | Found a roughly hewn altar of Beogh.
 26618 | Orc:2    | Found Kuelonen's Food Shop.
 26681 | Orc:2    | Found a roughly hewn altar of Beogh.
 26770 | Orc:2    | Found a roughly hewn altar of Beogh.
 26771 | Orc:2    | Noticed an orc warlord
 26785 | Orc:2    | Killed an orc warlord
 27188 | Orc:2    | Found Pecreech's Antique Armour Emporium.
 27216 | Orc:2    | Found Udemp's Antique Weapon Shoppe.
 27216 | Orc:2    | Found a roughly hewn altar of Beogh.
 27236 | Orc:2    | Bought a glowing scale mail for 80 gold pieces
 27394 | Orc:2    | Found a roughly hewn altar of Beogh.
 27401 | Orc:2    | Found Zofom's Gadget Emporium.
 27578 | Swamp:1  | Entered Level 1 of the Swamp
 27915 | Swamp:1  | HP: 29/125 [shambling mangrove (11)]
 29485 | Swamp:2  | Noticed Roxanne
 29509 | Swamp:2  | Killed from afar by Roxanne

Skill      XL: |  1  2  3  4  5  6  7  8  9 10 11 12 13 14 15 |
---------------+----------------------------------------------+-----
Armour         | 1 2 3 4 5 7 8 9 10 11 12 13 | 13.5
Polearms       | 4 5 6 7 8 10 11 12 13 | 13.6
Fighting       | 3 4 5 6 8 9 10 11 12 13 14 | 14.8
Invocations    | 1 2 3 4 5 7 9 10 12 13 14 15 | 15.4
Dodging        | 3 4 5 6 7 8 9 10 | 10.8
Throwing       | |  1.7

Action                   |  1- 3 |  4- 6 |  7- 9 | 10-12 | 13-15 || total
-------------------------+-------+-------+-------+-------+-------++-------
Melee: Trident           |   114 |   217 |   366 |   124 |       ||   821
       Glaive            |       |       |    15 |   246 |    99 ||   360
       Halberd           |       |       |       |   411 |  1464 ||  1875
Throw: Stone             |     3 |       |     4 |     1 |     4 ||    12
       Tomahawk          |       |       |       |       |     4 ||     4
Invok: Upheaval          |       |       |     1 |     2 |     1 ||     4
       Elemental Force   |       |       |       |     4 |     7 ||    11
       Disaster Area     |       |       |       |       |     1 ||     1
Evoke: Wand              |       |       |       |    17 |    14 ||    31
       Deck              |       |       |       |     3 |     3 ||     6
  Use: Scroll            |     8 |     7 |     5 |    11 |    16 ||    47
       Potion            |       |       |     2 |       |     1 ||     3
 Stab: Distracted        |     1 |       |       |       |     2 ||     3
       Sleeping          |     1 |       |       |       |       ||     1
  Eat: Chunk             |     3 |     6 |    11 |    19 |    25 ||    64
       Beef jerky        |       |     1 |     1 |     1 |     2 ||     5
       Pizza             |       |     1 |       |       |     4 ||     5
       Royal jelly       |       |       |       |     2 |     2 ||     4
       Fruit             |       |       |       |       |     8 ||     8
       Bread ration      |       |       |       |       |     1 ||     1
Armor: Leather armour    |    32 |    81 |    24 |       |       ||   137
       Steam dragon armo |       |       |    57 |   118 |       ||   175
       Chain mail        |       |       |       |   109 |   543 ||   652
       Scale mail        |       |       |       |       |    64 ||    64
       Swamp dragon armo |       |       |       |       |    21 ||    21
Dodge: Dodged            |    60 |   105 |   142 |   416 |  1047 ||  1770
       Deflected         |       |       |       |     4 |    27 ||    31
Block: Other             |       |     5 |    51 |   191 |   567 ||   814

Vault maps used:
D:1:      lightli_molten_gateway, minmay_misc_feat_hallway
D:2:      minitemple, nicolae_overflow_crystal_walls,
          nicolae_qazlal_eye_of_the_storm, led_sif_pool
D:3:      old_standard_altar, fiery_altar_vehumet, first_bread,
          grunt_ministairs_6, uniq_grinder
D:4:      kennysheep_little_box, kennysheep_generic_room_5, uniq_natasha,
          uniq_eustachio
D:5:      kennysheep_steamy, old_standard_altar, basic_altar,
          kennysheep_generic_room_9
D:6:      grunt_temple_overflow_gold_and_silver,
          gammafunk_temple_overflow_statue, temple_fountains
D:7:      grunt_dithmenos_smoke_and_mirrors, xom_confusion_cloud, serial_shops,
          shop, kennysheep_generic_room_4
D:9:      david_orc_3, serial_shops, nicolae_shop_waterfront
D:10:     enter_bailey_3, dk_yredelemnul_ordeal, uniq_psyche
D:11:     erik_lair_island
D:13:     nrook_guardian_serpent_snake_passage
Lair:1:   nicolae_quartered_pool_super
Lair:2:   bh_autumn_forest_stairs
Lair:3:   basic_altar, wad_woods_03, uniq_harold, uniq_nergalle
Lair:4:   guppyfry_snake_entry_garden, basic_altar, serial_bayou_shore_a,
          uniq_sonja
Lair:5:   swamp_mist, portal_ice_cave_entry_imps, infiniplex_staircase_pool,
          grunt_megastairs_1
Lair:6:   minmay_another_anthill
Lair:7:   nicolae_slime_entry_slimehenge
Lair:8:   due_jungle_book, lemuel_oklob_altar
Swamp:1:  hangedman_swamp_cone, swamp_pool1
Swamp:2:  evilmike_swamp_ruin_house_3, swamp_pool4, uniq_roxanne
Orc:2:    grunt_orc_community_town_hall, grunt_orc_community_big_house_1,
          grunt_orc_community_big_house_2, grunt_orc_community_house_3,
          grunt_orc_community_house_1, grunt_orc_community_house_3,
          grunt_orc_community_house_3, basic_altar
Bailey:   bailey_polearm_1, bailey
IceCv:    ice_cave_small_giant

Table legend:
 A = Turns spent in this place as a percentage of turns spent in the entire game.
 B = Non-inter-level travel turns spent in this place as a percentage of non-inter-level travel turns spent in the entire game.
 C = Inter-level travel turns spent in this place as a percentage of turns spent in this place.
 D = Turns resting spent in this place as a percentage of non-inter-level travel turns spent in this place.
 E = Turns spent auto-exploring this place as a percentage of non-inter-level travel turns spent in this place.
 F = Non-inter-level travel turns spent in this place divided by the number of levels of this place that you've seen.
                   A       B       C       D       E      F
               +-------+-------+-------+-------+-------+----------------------
         Total | 100.0 | 100.0 |   0.7 |   1.3 |   5.9 | 340.0
       Dungeon |  41.9 |  41.8 |   0.9 |   1.3 |   7.8 | 295.2
          Lair |  36.7 |  36.7 |   0.7 |   0.6 |   4.4 | 421.2
         Swamp |   6.2 |   6.2 |   0.2 |   3.2 |   4.6 | 284.5
  Orcish Mines |   8.9 |   8.9 |   0.5 |   1.2 |   5.4 | 410.0
        Bailey |   2.5 |   2.5 |   0.0 |   5.3 |   3.9 | 228.0
      Ice Cave |   3.9 |   3.9 |   0.0 |   2.2 |   3.1 | 357.0
               +-------+-------+-------+-------+-------+----------------------

Table legend:
 A = Kills in this place as a percentage of kills in entire the game.
 B = Kills by you in this place as a percentage of kills by you in the entire game.
 C = Kills by friends in this place as a percentage of kills by friends in the entire game.
 D = Other kills in this place as a percentage of other kills in the entire game.
 E = Experience gained in this place as a percentage of experience gained in the entire game.
 F = Experience gained in this place divided by the number of levels of this place that you have seen.
                   A       B       C       D       E      F
               +-------+-------+-------+-------+-------+----------------------
         Total | 100.0 | 100.0 | 100.0 |  -nan | 100.0 | 4515.1
       Dungeon |  43.9 |  45.6 |   2.9 |  -nan |  24.4 | 2292.7
          Lair |  33.5 |  31.6 |  77.1 |  -nan |  50.8 | 7744.9
         Swamp |   4.0 |   4.1 |   2.9 |  -nan |   7.9 | 4809.0
  Orcish Mines |  13.5 |  13.6 |  11.4 |  -nan |   8.6 | 5248.0
        Bailey |   1.1 |   1.1 |   0.0 |  -nan |   0.7 | 799.0
      Ice Cave |   4.1 |   4.1 |   5.7 |  -nan |   7.6 | 9231.0
               +-------+-------+-------+-------+-------+----------------------
